 Dungeon Crawl Stone Soup version 0.29-a0-352-g0917bc69df (webtiles) character file.

Game seed: 16760870100478944576

14 NinjaNoafa the Chopper (level 2, -1/27 HPs)
             Began as a Hill Orc Monk on Apr 23, 2022.
             Slain by a goblin
             ... wielding a +0 dagger
              (4 damage)
             ... on level 1 of the Dungeon.
             The game lasted 00:00:34 (148 turns).

NinjaNoafa the Chopper (Hill Orc Monk)               Turns: 148, Time: 00:00:35

Health: -1/27      AC:  2    Str: 13    XL:     2   Next: 45%
Magic:  2/2        EV: 12    Int: 10    God:
Gold:   0          SH:  0    Dex: 13    Spells: 1/1 levels left

rFire   . . .      SeeInvis .   a - +0 hand axe
rCold   . . .      Faith    .   (no shield)
rNeg    . . .      Spirit   .   b - +0 robe
rPois   .          Reflect  .   (no helmet)
rElec   .          Harm     .   (no cloak)
rCorr   .          Rampage  .   (no gloves)
Will    .....                   (no boots)
Stlth   ++........              (no amulet)
HPRegen 0.09/turn               (no ring)
MPRegen 0.08/turn               (no ring)

@: no status effects
A: no striking features
a: no special abilities


You were on level 1 of the Dungeon.
You visited 1 branch of the dungeon, and saw 1 of its levels.

Inventory:

Hand Weapons
 a - a +0 hand axe (weapon)
Armour
 b - a +0 robe (worn)
Scrolls
 c - a scroll of magic mapping {unknown}


   Skills:
 + Level 3.9 Fighting
 + Level 4.3 Axes
 + Level 2.6 Dodging
 + Level 1.8 Stealth


You had one spell level left.
You didn't know any spells.
Your spell library was empty.

Dungeon Overview and Level Annotations

Branches:
Dungeon (1/15)

Altars:


Message History

You closely miss the hobgoblin. You closely miss the jackal.
The hobgoblin barely misses you. The jackal misses you.
The jackal barely misses you.
The hobgoblin hits you but does no damage.
You barely miss the jackal.
The jackal is lightly wounded.
You hit the jackal. You hit the hobgoblin.
The jackal bites you but does no damage.
The jackal closely misses you. The jackal bites you. The jackal misses you.
The hobgoblin closely misses you.
You hit the jackal but do no damage.
The jackal is lightly wounded.
You hit the hobgoblin. You barely miss the jackal. The jackal misses you. x2
The hobgoblin hits you. The jackal barely misses you.
You hit the jackal.
The jackal is almost dead.
You barely miss the jackal. You hit the hobgoblin but do no damage.
The jackal bites you.
The jackal bites you but does no damage.
The hobgoblin hits you. The jackal bites you.
You hit the jackal but do no damage.
The jackal is almost dead.
You hit the jackal. You hit the hobgoblin.
You kill the hobgoblin!
The jackal bites you.
* * * LOW HITPOINT WARNING * * *
The jackal bites you.
* * * LOW HITPOINT WARNING * * *
The jackal bites you.
* * * LOW HITPOINT WARNING * * *
You slash the jackal!
You kill the jackal!
You hit the jackal.
You kill the jackal!
Things that are here:
a +0 short sword; a kobold corpse You closely miss the goblin.
The goblin hits you with a +0 dagger.
* * * LOW HITPOINT WARNING * * *
You closely miss the goblin. The goblin hits you with a +0 dagger.
You die...

......# .###..# #..#
.###..# #..# ......###
#..# ........# #..#
...##.#.# #..#
...##.#.####..#
...##.........######.##
..............gg@.....#
.....#.####.##†##.#.^#.#
.......# #.##.# .# ...
.....### #.##g# .. .
...## #.##r# ... ...
#.##.# .... #.#... .....
#..... ......


You could see 2 goblins.

Vanquished Creatures
  A dart slug (D:1)
  A ball python (D:1)
  An endoplasm (D:1)
  A hobgoblin (D:1)
  2 jackals (D:1)
  A kobold (D:1)
  A bat (D:1)
  A frilled lizard (D:1)
  A goblin (D:1)
  2 rats (D:1)
12 creatures vanquished.

Notes
Turn   | Place    | Note
-------+----------+-------------------------------------------
     0 | D:1      | NinjaNoafa the Hill Orc Monk began the quest for the Orb.
     0 | D:1      | Reached XP level 1. HP: 19/19 MP: 1/1
    67 | D:1      | Reached XP level 2. HP: 27/27 MP: 2/2
   148 | D:1      | Slain by a goblin

Illustrated notes

Levels and vault maps discovered:
D:1:      wheals_arrival_shading, layout_loops_ring, serial_shops,
          nicolae_diamond_shop, nrook_mini_backslash

Action                   || total
-------------------------++-------
Melee: Hand axe          ||    31
  Use: Potion            ||     1
 Stab: Sleeping          ||     1
Armor: Robe              ||    12
Dodge: Dodged            ||    33

Table legend: (Time is in decaauts)
 A = Elapsed time spent in this place.
 B = Non-inter-level travel time spent in this place.
 C = Inter-level travel time spent in this place.
 D = Time resting spent in this place.
 E = Time spent auto-exploring this place.
 F = Levels seen in this place.
 G = Mean time per level.
                   A        B        C        D        E       F      G
               +--------+--------+--------+--------+--------+-----+--------+
         Total |    150 |    150 |      0 |      0 |     69 |   1 |  150.0 |
       Dungeon |    150 |    150 |      0 |      0 |     69 |   1 |  150.0 |
               +--------+--------+--------+--------+--------+-----+--------+

Top non-repeatable levels by time:
     D:1: 150 daAuts
